 Dungeon Crawl Stone Soup version 0.30-a0-726-gd89dcf765f (webtiles) character file.

Game seed: 5067479990699193368

171346 hikkokomori the Warrior (level 18, 0/155 HPs)
             Began as a Hill Orc Monk on Jan 30, 2023.
             Was a High Priest of Okawaru.
             Killed from afar by a nagaraja (34 damage)
             ... with a bolt of poison
             ... on level 4 of the Snake Pit.
             The game lasted 01:05:02 (36848 turns).

hikkokomori the Warrior (Hill Orc Monk)            Turns: 36848, Time: 01:05:03

Health: 0/155      AC: 29    Str: 23    XL:     18   Next: 1%
Magic:  25/25      EV: 24    Int:  9    God:    Okawaru [*****.]
Gold:   514        SH:  5    Dex: 23    Spells: 22/27 levels left

rFire   . . .      SeeInvis .    x - +10 great sword "Huacw" {freeze, rC+ rCorr Str+3}
rCold   + . .      Faith    .    (shield currently unavailable)
rNeg    + . .      Spirit   .    N - +3 scale mail of Matzol {rElec Will+ Int+3}
rPois   .          Reflect  +    b - +2 hat of the Several Loafs {rF+}
rElec   +          Harm     .    P - +1 cloak of Fecisur {Will+ rCorr}
rCorr   +          Rampage  .    A - +2 pair of gloves "Yde Houn" {rF- rCorr Dex+6}
Will    +++..                    G - +1 pair of boots {Stlth+}
Stlth   +++++                    u - amulet of reflection
HPRegen 0.45/turn                D - ring "Raco" {rN+ EV+5 Str+4 Int-2}
MPRegen 0.19/turn                V - +4 ring of protection

@: lethally poisoned (0 -> -28), heroic, slowed, constricted, very slow
A: clumsy 1, dopey 1, frail 1
a: Renounce Religion, Heroism, Finesse, Duel


You were on level 4 of the Snake Pit.
You worshipped Okawaru.
Okawaru was extremely pleased with you.
You visited 5 branches of the dungeon, and saw 27 of its levels.
You also visited: Sewer.

You collected 3020 gold pieces.
You spent 2506 gold pieces at shops.

Inventory:

Hand Weapons
 x - the +10 great sword "Huacw" (weapon) {freeze, rC+ rCorr Str+3}
   (Okawaru gifted it to you on level 13 of the Dungeon)

   Str:       It affects your strength (+3).
   rC:        It protects you from cold.
   rCorr:     It protects you from acid and corrosion.
 H - a +7 triple sword of flaming
 Q - the +7 great sword "Dueth" {flame, rN+++}
   (Okawaru gifted it to you on level 1 of the Lair of Beasts)

   rN:        It renders you almost immune to negative energy.
Missiles
 a - 11 javelins
 w - 25 poisoned darts (quivered)
 R - 3 throwing nets
Armour
 b - the +2 hat of the Several Loafs (worn) {rF+}
   (You acquired it on level 5 of the Lair of Beasts)

   rF:        It protects you from fire.
 A - the +2 pair of gloves "Yde Houn" (worn) {rF- rCorr Dex+6}
   (You acquired it on level 13 of the Dungeon)

   Dex:       It affects your dexterity (+6).
   rF:        It makes you vulnerable to fire.
   rCorr:     It protects you from acid and corrosion.
 E - a +2 troll leather armour {Snorg}
 G - a +1 pair of boots of stealth (worn)
 M - the +0 pair of gloves of Boar {rCorr Int+3 Dex+2}
   (Okawaru gifted it to you on level 3 of the Snake Pit)

   Int:       It affects your intelligence (+3).
   Dex:       It affects your dexterity (+2).
   rCorr:     It protects you from acid and corrosion.
 N - the +3 scale mail of Matzol (worn) {rElec Will+ Int+3}
   (You bought it in a shop on level 8 of the Dungeon)

   Int:       It affects your intelligence (+3).
   rElec:     It insulates you from electricity.
   Will:      It increases your willpower.
 P - the +1 cloak of Fecisur (worn) {Will+ rCorr}
   (You found it on level 10 of the Dungeon)

   rCorr:     It protects you from acid and corrosion.
   Will:      It increases your willpower.
 X - a +3 scale mail of poison resistance
Jewellery
 d - the ring of the Heavens {rF+ Will+}
   (You bought it in a shop on level 2 of the Orcish Mines)

   [ring of willpower]

   rF:        It protects you from fire.
   Will:      It increases your willpower.
 i - a ring of protection from cold
 k - a +4 ring of slaying
 r - a ring of see invisible
 u - an amulet of reflection (around neck)
 D - the ring "Raco" (left hand) {rN+ EV+5 Str+4 Int-2}
   (You found it on level 6 of the Dungeon)

   [ring of evasion]

   EV:        It affects your evasion (+5).
   Str:       It affects your strength (+4).
   Int:       It affects your intelligence (-2).
   rN:        It protects you from negative energy.
 J - a ring of flight
 V - a +4 ring of protection (right hand)
 Z - an amulet of faith
Wands
 e - a wand of light (8)
 g - a wand of paralysis (3)
 m - a wand of mindburst (6)
 y - a wand of flame (21)
 L - a wand of iceblast (11)
Scrolls
 f - a scroll of silence
 j - a scroll of brand weapon {unknown}
 l - a scroll of fog
 n - 5 scrolls of amnesia
 q - 4 scrolls of blinking
 v - 4 scrolls of teleportation
 I - a scroll of magic mapping
 T - 4 scrolls of fear
 Y - 4 scrolls of enchant armour
Potions
 c - 4 potions of ambrosia
 h - a potion of berserk rage
 o - 2 potions of resistance
 p - 3 potions of attraction
 s - 6 potions of flight
 t - 3 potions of lignification
 z - 5 potions of heal wounds
 B - a potion of might
 C - 5 potions of brilliance
 K - 2 potions of haste
 O - 3 potions of magic
 S - 3 potions of cancellation
 U - 2 potions of invisibility
 W - 2 potions of curing
Miscellaneous
 F - a condenser vane


   Skills:
 + Level 18.5(23.5) Fighting
 + Level 17.5(22.5) Long Blades
 + Level 12.8(17.8) Armour
 + Level 10.8(15.8) Dodging
 - Level 6.2(11.2) Stealth
 - Level 5.2 Spellcasting
 - Level 8.5 Poison Magic
 - Level 8.2 Invocations
 - Level 8.7 Evocations


You had 22 spell levels left.
You knew the following spells:

 Your Spells              Type           Power      Damage    Failure   Level
a - Sting                 Tmut/Pois      40%        1d5       8%          1
b - Olgreb's Toxic Radia  Pois           17%        N/A       13%         4

Your spell library contained the following spells:

 Spells                   Type           Power      Damage    Failure   Level
 Poisonous Vapours        Pois/Air       20%        N/A       12%         2
 Freeze                   Ice            8%         1d3       41%         1
 Slow                     Hex            8%         N/A       41%         1
 Confusing Touch          Hex            2%         N/A       78%         3
 Frozen Ramparts          Ice            4%         1d1       78%         3
 Hailstorm                Conj/Ice       2%         3d3       78%         3
 Vampiric Draining        Necr           2%         2d6       78%         3
 Leda's Liquefaction      Hex/Erth       1%         N/A       99%         4
 Lee's Rapid Deconstruct  Erth           1%         3d4*      100%        5
 Statue Form              Tmut/Erth      1%         N/A       100%        6
 Orb of Destruction       Conj           1%         9d5       100%        7
 Summon Guardian Golem    Hex/Summ       Unusable   N/A       N/A         3
 Spellforged Servitor     Conj/Summ      Unusable   N/A       N/A         7

Dungeon Overview and Level Annotations

Branches:
Dungeon (15/15)            Temple (1/1) D:4            Lair (5/5) D:10
 Shoals (0/4) Lair:2        Snake (4/4) Lair:2        Slime (0/5) Lair:5
    Orc (2/2) D:10            Elf (0/3) Orc:2        Vaults (0/5) D:13
 Depths (0/4) D:15          Sewer (visited)

Altars:
Ashenzari
Cheibriados
Dithmenos
Elyvilon
Fedhas
Gozag
Hepliaklqana
Kikubaaqudgha
Makhleb
Nemelex Xobeh
Okawaru
Ru
Sif Muna
Trog
Uskayaw
Vehumet
Wu Jian
Xom
Yredelemnul
Zin
The Shining One
Beogh

Shops:
D:5 (   D:8 [   D:9 [   D:11 [*(((   Orc:2 **[*   Snake:2 [::


Innate Abilities, Weirdness & Mutations

You are clumsy. (Dex -2)
You are dopey. (Int -2)
You are frail. (-10% HP)


Message History

You slice the anaconda!! You freeze the anaconda.
You kill the anaconda!
Okawaru accepts your kill.
You feel sick. The naga mage spits poison at you.
The splash of poison hits you.
You are more poisoned.
You feel sick.
A naga ritualist comes into view. It is wielding a +0 scimitar.
You feel sick. The nagaraja hits you with a +0 club! The nagaraja grabs you.
The nagaraja constricts you. The nagaraja hits you with a +0 club!!
The nagaraja constricts you.
You hit the nagaraja. You freeze the nagaraja.
The nagaraja is lightly wounded.
You feel sick.
The naga mage no longer looks unusually strong.
The nagaraja hits you but does no damage.
The nagaraja constricts you.
You slice the nagaraja!! You freeze the nagaraja.
The nagaraja is heavily wounded.
You feel sick.
You hear a shout!
The naga warrior roars a battlecry!
The nagas go into a battle-frenzy!
The nagaraja spits poison at you. The splash of poison hits you!!
You are more poisoned.
You have difficulty breathing.
You feel yourself slow down.
* * * LOW HITPOINT WARNING * * *
The nagaraja constricts you.
The naga warrior roars a battlecry!
The naga warrior goes into a battle-frenzy!
You hear a shout! x3
You slash the nagaraja! You freeze the nagaraja.
The nagaraja is severely wounded.
You feel sick.
The nagaraja gestures at you while chanting.
The bolt of poison hits you!!
You are more poisoned.
You die...

#......# #......#
#.....## #....####
#....##.# #......##
## ###.....##
####.###+##.......##
......)NNN@....<...#
#...##.$N###########
...........#
.....NN....#
..........N#
#.....#....#
......N....#
.......#..#N
#...⌠....##NN


You could see a nagaraja (fast, strong, curare, catching breath), 3 naga
warriors, a naga ritualist (strong) and a naga mage (fast, strong).

Vanquished Creatures
  Vashnia (Snake:2)
  Nikola (Snake:3)
  Asterion (Snake:3)
  Frances (D:14)
  Kirke (Lair:5)
  Gastronok (D:12)
  A nagaraja (Snake:3)
  Azrael (Snake:3)
  Snorg (D:10)
  Harold (Orc:1)
  4 vault guards (D:13)
  An ice dragon (D:15)
  2 fire dragons
  4 hydras
  3 boulder beetles
  14 anacondas
  5 death yaks (Lair:5)
  5 two-headed ogres
  9 centaur warriors
  2 death knights
  15 naga warriors
  A tengu warrior (D:14)
  18 naga sharpshooters
  9 shock serpents
  4 orc high priests (Orc:2)
  Urug (Lair:4)
  2 salamander mystics
  9 sea snakes (Snake:4)
  7 naga ritualists
  3 deep elf pyromancers
  A lindwurm (Lair:5)
  12 mana vipers
  16 salamanders
  2 orc sorcerers
  A wolf spider (D:15)
  2 cyclopes
  2 manticores
  6 ugly things
  24 elephants
  A merfolk siren (Lair:2)
  50 black mambas
  8 naga magi
  2 molten gargoyles (Lair:5)
  A guardian serpent (Snake:4)
  A torpor snail (Lair:1)
  A cane toad (shapeshifter) (D:14)
  10 cane toads
  An unseen horror (D:13)
  4 efreet (D:15)
  A gargoyle (D:12)
  5 kobold demonologists
  2 tengu conjurers
  11 komodo dragons
  4 meliai (Lair:2)
  A meliai (shapeshifter) (D:13)
  3 trolls
  A queen bee (Lair:2)
  A hornet (D:11)
  35 blink frogs
  22 slime creatures
  3 shadows
  7 wyverns
  A wraith (D:13)
  41 yaks
  7 basilisks
  7 fire elementals
  A golden eye (shapeshifter) (D:14)
  4 humans (Lair:5)
  A steam dragon (Lair:5)
  2 vampire mosquitoes (D:11)
  A warg (Orc:1)
  60 nagas
  An acid dragon (D:13)
  13 water moccasins
  6 hell hounds
  21 orc warriors
  2 ice beasts (D:6)
  A swamp drake (D:10)
  A sky beast (D:7)
  3 ogres
  2 black bears
  15 wolves
  12 centaurs
  A phantom (D:6)
  3 kobold brigands
  18 bullfrogs
  A gnoll sergeant (D:7)
  A scorpion (D:6)
  37 killer bees
  13 wights
  6 electric eels
  4 howler monkeys
  5 lava snakes (Lair:5)
  22 orc priests
  A gnoll bouda (D:4)
  8 hounds
  3 jellies
  Ijyb (D:4)
  4 iguanas
  36 orc wizards
  Robin (D:4)
  6 gnolls
  3 river rats
  9 adders
  2 shadow imps
  2 white imps (D:6)
  2 ufetubi (D:5)
  4 worms
  A dart slug (D:3)
  57 orcs
  4 ball pythons
  5 bats
  8 endoplasms
  5 giant cockroaches
  5 goblins
  7 hobgoblins
  2 jackals (Sewer)
  4 quokkas
  2 frilled lizards
  19 kobolds
  8 rats
891 creatures vanquished.

Vanquished Creatures (others)
  A salamander mystic (Snake:3)
  A salamander (Snake:3)
  2 black mambas (Snake:3)
  2 basilisks
  A naga (Snake:3)
  A jelly (Lair:5)
  An orc wizard (Orc:1)
  20 fungi
  42 plants
71 creatures vanquished.

Grand Total: 962 creatures vanquished

Notes
Turn   | Place    | Note
-------+----------+-------------------------------------------
     0 | D:1      | hikkokomori the Hill Orc Monk began the quest for the Orb.
     0 | D:1      | Reached XP level 1. HP: 19/19 MP: 1/1
   243 | D:1      | Reached XP level 2. HP: 15/27 MP: 2/2
   826 | D:2      | Learned a level 1 spell: Sting
   845 | D:2      | Reached skill level 4 in Fighting
  1433 | D:3      | Reached XP level 3. HP: 32/33 MP: 3/3
  1643 | D:3      | Found a faded altar of an unknown god.
  1781 | D:3      | Reached skill level 1 in Poison Magic
  1805 | D:3      | Reached XP level 4. HP: 40/40 MP: 4/4
  2224 | D:3      | Noticed a water moccasin
  2245 | D:3      | Killed a water moccasin
  2246 | D:3      | Reached XP level 5. HP: 17/47 MP: 3/5
  2487 | D:4      | Reached skill level 5 in Fighting
  2511 | D:3      | Reached XP level 6. HP: 15/56 MP: 2/6
  2870 | D:3      | Learned a level 4 spell: Olgreb's Toxic Radiance
  3134 | D:4      | Noticed Ijyb
  3134 | D:4      | Noticed Robin
  3229 | D:4      | Reached skill level 5 in Long Blades
  3229 | D:4      | Reached XP level 7. HP: 29/61 MP: 3/7
  3348 | D:4      | Killed Robin
  3436 | D:4      | Killed Ijyb
  3516 | D:4      | Found a staircase to the Ecumenical Temple.
  3549 | Temple   | Entered the Ecumenical Temple
  3684 | Temple   | Became a worshipper of Warmaster Okawaru
  3684 | Temple   | Reached * piety under Okawaru
  3684 | Temple   | Reached ** piety under Okawaru
  3709 | D:5      | Entered Level 5 of the Dungeon
  3858 | D:5      | Reached skill level 6 in Fighting
  3992 | D:5      | Found a glowing drain.
  4032 | Sewer    | Entered a sewer
  4465 | Sewer    | Reached XP level 8. HP: 56/71 MP: 8/8
  4496 | Sewer    | Found a white marble altar of Elyvilon.
  4867 | D:5      | Found Pulysod's Weapon Shop.
  5105 | D:6      | Identified the ring "Raco" {rN+ EV+5 Str+4 Int-2}
  5459 | D:6      | Reached *** piety under Okawaru
  5488 | D:6      | Reached skill level 7 in Fighting
  5529 | D:6      | Reached skill level 1 in Invocations
  5731 | D:6      | Reached skill level 5 in Stealth
  5857 | D:6      | Reached XP level 9. HP: 23/79 MP: 3/10
  6710 | D:7      | Reached skill level 5 in Poison Magic
  7188 | D:7      | Reached skill level 8 in Fighting
  8137 | D:8      | Found an ancient bone altar of Kikubaaqudgha.
  8185 | D:8      | Noticed a troll
  8201 | D:8      | Killed a troll
  8201 | D:8      | Reached **** piety under Okawaru
  8208 | D:8      | Reached skill level 5 in Invocations
  8218 | D:8      | Reached XP level 10. HP: 46/90 MP: 7/14
  8755 | D:8      | Reached skill level 9 in Fighting
  8780 | D:8      | Reached ***** piety under Okawaru
  9399 | D:8      | Found Xoin's Armour Boutique.
  9403 | D:8      | Bought a +1 pair of boots of stealth for 247 gold pieces
  9535 | D:9      | Noticed a two-headed ogre
  9541 | D:9      | Killed a two-headed ogre
  9826 | D:9      | Received a gift from Okawaru
 10047 | D:9      | Reached skill level 1 in Evocations
 10103 | D:9      | Found Zidept's Antique Armour Shoppe.
 10184 | D:9      | Noticed a kobold demonologist
 10190 | D:9      | Killed a kobold demonologist
 10349 | D:10     | Entered Level 10 of the Dungeon
 10377 | D:10     | Found a staircase to the Orcish Mines.
 10432 | D:10     | Found an ornate altar of the Wu Jian Council.
 10454 | D:10     | Noticed Snorg
 10454 | D:10     | Noticed a green ugly thing
 10701 | D:10     | Reached XP level 11. HP: 99/99 MP: 16/16
 10720 | D:10     | Reached skill level 10 in Fighting
 10985 | D:10     | Killed Snorg
 11272 | D:10     | Killed a green ugly thing
 11272 | D:10     | Identified the +7 glaive of Vimmuck {flame, rElec Dex+2
                  | Stlth+} (Okawaru gifted it to you on level 10 of the
                  | Dungeon)
 11272 | D:10     | Received a gift from Okawaru
 11339 | D:10     | Identified the +1 cloak of Fecisur {Will+ rCorr}
 11626 | D:10     | Found a staircase to the Lair.
 11991 | Lair:1   | Entered Level 1 of the Lair of Beasts
 12063 | Lair:1   | Reached skill level 5 in Dodging
 12230 | Lair:1   | Reached skill level 10 in Long Blades
 12425 | Lair:1   | Identified the +7 great sword "Dueth" {flame, rN+++}
                  | (Okawaru gifted it to you on level 1 of the Lair of Beasts)
 12425 | Lair:1   | Received a gift from Okawaru
 12426 | Lair:1   | Reached skill level 11 in Fighting
 12568 | Lair:1   | Reached XP level 12. HP: 91/110 MP: 13/17
 12574 | Lair:1   | Reached skill level 1 in Spellcasting
 13272 | Lair:2   | Reached ****** piety under Okawaru
 13285 | Lair:2   | Identified the +0 robe of Oblivion {Int+4} (Okawaru gifted
                  | it to you on level 2 of the Lair of Beasts)
 13285 | Lair:2   | Received a gift from Okawaru
 13606 | Lair:2   | Reached XP level 13. HP: 18/117 MP: 0/18
 13741 | Lair:2   | Reached skill level 12 in Fighting
 13946 | Lair:2   | Found a staircase to the Shoals.
 14229 | Lair:2   | Found a staircase to the Snake Pit.
 14368 | Lair:2   | Identified the +3 ring mail of the Iron City of Dis {rCorr
                  | MP+9} (Okawaru gifted it to you on level 2 of the Lair of
                  | Beasts)
 14368 | Lair:2   | Received a gift from Okawaru
 15140 | Lair:3   | Reached skill level 5 in Spellcasting
 15731 | Lair:3   | Reached skill level 13 in Fighting
 16003 | Lair:3   | Reached skill level 1 in Armour
 16661 | Lair:4   | Noticed Urug
 16682 | Lair:4   | Killed Urug
 16790 | Lair:4   | Reached XP level 14. HP: 126/129 MP: 21/21
 16794 | Lair:4   | Identified the +1 hat of Good Intentions {+Inv} (Okawaru
                  | gifted it to you on level 4 of the Lair of Beasts)
 16794 | Lair:4   | Received a gift from Okawaru
 17377 | Lair:5   | Entered Level 5 of the Lair of Beasts
 17788 | Lair:5   | Found a staircase to the Slime Pits.
 18243 | Lair:5   | Reached skill level 5 in Evocations
 18265 | Lair:5   | Reached skill level 14 in Fighting
 18493 | Lair:5   | Found a large runed translucent door.
 18495 | Lair:5   | Found a large runed translucent door.
 18528 | Lair:5   | Noticed Kirke
 18536 | Lair:5   | Killed Kirke
 18548 | Lair:5   | Reached skill level 5 in Armour
 19248 | Lair:5   | Identified a scroll of acquirement
 19248 | Lair:5   | Acquired the +2 hat of the Several Loafs {rF+}
 19566 | Orc:1    | Entered Level 1 of the Orcish Mines
 19955 | Orc:1    | Found a roughly hewn altar of Beogh.
 20182 | Orc:2    | Entered Level 2 of the Orcish Mines
 20189 | Orc:2    | Found a staircase to the Elven Halls.
 20306 | Orc:1    | Noticed Harold
 20314 | Orc:1    | Killed Harold
 20355 | Orc:1    | Gained mutation: You are vulnerable to cold. (rC-) [potion
                  | of mutation]
 20750 | Orc:2    | HP: 2/133 [orc priest/divine providence (14)]
 21069 | Orc:2    | Found Kisaib's Antique Armour Boutique.
 21069 | Orc:2    | Found Oschylugi's General Store.
 21074 | Orc:2    | Found Duhuex's Assorted Antiques.
 21078 | Orc:2    | Found Jikafobb's General Store.
 21137 | Orc:2    | Bought a faintly glowing brass ring for 165 gold pieces
 21137 | Orc:2    | Identified the ring of the Heavens {rF+ Will+} (You bought
                  | it in a shop on level 2 of the Orcish Mines)
 21137 | Orc:2    | Bought a scroll labelled DUHYUFE IXUO for 33 gold pieces
 21146 | Orc:2    | Bought a scroll of acquirement for 884 gold pieces
 21147 | Orc:2    | Bought a distressingly furry chain mail for 209 gold pieces
 21147 | Orc:2    | Identified the +6 chain mail "Kaasuu" {+Blink rN+} (You
                  | bought it in a shop on level 2 of the Orcish Mines)
 21360 | Orc:2    | Acquired the +3 buckler of Terrible Birdsong {rN+ Str+2
                  | Stlth-}
 21425 | D:11     | Found Yssuo's Antique Weapon Boutique.
 21854 | D:11     | Found Bobbase's Armour Emporium.
 21887 | D:11     | Found Mereevei's Antique Weapon Shoppe.
 21895 | D:11     | Bought a blackened rapier for 198 gold pieces
 21895 | D:11     | Identified the +4 rapier "Lilink" {flame, Dex+4} (You
                  | bought it in a shop on level 11 of the Dungeon)
 21910 | D:11     | Reached XP level 15. HP: 118/139 MP: 22/22
 21985 | D:11     | Received a gift from Okawaru
 22074 | D:11     | Found Jyemink's General Store.
 22084 | D:11     | Bought a potion of curing for 45 gold pieces
 22084 | D:11     | Bought a wand of flame (5) for 52 gold pieces
 22229 | D:11     | Found Ijeicig's Weapon Shop.
 22491 | D:12     | Reached skill level 15 in Fighting
 22495 | D:12     | Gained mutation: You are frail. (-10% HP) [a neqoxec]
 22496 | D:12     | Gained mutation: You sometimes lose your temper in combat.
                  | [a neqoxec]
 22725 | D:12     | Noticed Gastronok
 22752 | D:12     | Killed Gastronok
 23378 | D:13     | Found a gate to the Vaults.
 23436 | D:13     | Identified the +10 great sword "Huacw" {freeze, rC+ rCorr
                  | Str+3} (Okawaru gifted it to you on level 13 of the
                  | Dungeon)
 23436 | D:13     | Received a gift from Okawaru
 23794 | D:13     | Acquired the +2 pair of gloves "Yde Houn" {rF- rCorr Dex+6}
 24528 | D:14     | Reached skill level 15 in Long Blades
 24648 | D:14     | Found a bloodstained altar of Trog.
 25096 | D:14     | Noticed Frances
 25104 | D:14     | Killed Frances
 25104 | D:14     | Identified the +1 pair of gloves of Glamorous Freedom {Harm
                  | *Corrode Fly rPois} (Okawaru gifted it to you on level 14
                  | of the Dungeon)
 25104 | D:14     | Received a gift from Okawaru
 25513 | D:15     | Entered Level 15 of the Dungeon
 25537 | D:15     | Reached skill level 16 in Fighting
 26176 | D:15     | Found a sacrificial altar of Ru.
 26325 | D:15     | Found a staircase to the Depths.
 26329 | D:15     | Reached XP level 16. HP: 80/135 MP: 23/23
 27127 | Snake:1  | Entered Level 1 of the Snake Pit
 28020 | Snake:1  | Received a gift from Okawaru
 28436 | Snake:1  | Reached skill level 10 in Armour
 29603 | D:8      | Bought the +3 scale mail of Matzol {rElec Will+ Int+3} for
                  | 673 gold pieces
 30086 | Snake:2  | Reached skill level 17 in Fighting
 30513 | Snake:2  | Identified the +7 executioner's axe "Letoula" {speed, rN++
                  | Dex+6} (Okawaru gifted it to you on level 2 of the Snake
                  | Pit)
 30513 | Snake:2  | Received a gift from Okawaru
 30983 | Snake:2  | Found Missik's Armour Shop.
 30985 | Snake:2  | Found Isasiduk's Book Boutique.
 30987 | Snake:2  | Found Cuikoi's Book Shop.
 30989 | Snake:2  | Noticed Vashnia
 31013 | Snake:2  | Killed Vashnia
 31864 | Snake:3  | Reached XP level 17. HP: 144/144 MP: 24/24
 32241 | D:14     | Lost mutation: You sometimes lose your temper in combat.
                  | [potion of mutation]
 32241 | D:14     | Lost mutation: You are vulnerable to cold. (rC-) [potion of
                  | mutation]
 32241 | D:14     | Gained mutation: You are dopey. (Int -2) [potion of
                  | mutation]
 32241 | D:14     | Gained mutation: You are clumsy. (Dex -2) [potion of
                  | mutation]
 32557 | Snake:3  | Identified the +0 pair of gloves of Boar {rCorr Int+3
                  | Dex+2} (Okawaru gifted it to you on level 3 of the Snake
                  | Pit)
 32557 | Snake:3  | Received a gift from Okawaru
 32789 | Snake:3  | Noticed Asterion
 32799 | Snake:3  | Killed Asterion
 32820 | Snake:3  | Reached skill level 10 in Dodging
 33321 | Snake:3  | Noticed Azrael
 33334 | Snake:3  | Killed Azrael
 33981 | Snake:3  | Noticed Nikola
 33997 | Snake:3  | Killed Nikola
 33998 | Snake:3  | Reached skill level 18 in Fighting
 34303 | Snake:3  | Found a runed translucent gate.
 34303 | Snake:3  | Found a runed translucent gate.
 34303 | Snake:3  | Found a runed translucent gate.
 34722 | Snake:4  | Entered Level 4 of the Snake Pit
 35581 | Snake:4  | Identified the +1 ring mail "Damnable Contraption" {rN+
                  | Int+3 Dex-4} (Okawaru gifted it to you on level 4 of the
                  | Snake Pit)
 35581 | Snake:4  | Received a gift from Okawaru
 36827 | Snake:4  | Reached XP level 18. HP: 155/155 MP: 25/25
 36848 | Snake:4  | Killed from afar by a nagaraja

Illustrated notes

Levels and vault maps discovered:
D:1:      nzn_arrival_settlement, layout_basic
D:2:      layout_loops_cross, corexii_shack
D:3:      layout_basic, ebering_ecumenical_altar_mist, minmay_quantized
D:4:      layout_cave_pools, nicolae_qazlal_eye_of_the_storm,
          minmay_temple_entry_statues_pillars, nicolae_goblin_pals, uniq_edmund
D:5:      layout_cave_pools, serial_shops, nicolae_shop_advertising_works
          [nicolae_subvault_shop_adworks], gup_sewer_entry_bubbles
D:6:      layout_loops_ring, lightli_orcish_oven
D:7:      layout_basic
D:8:      layout_loops_corners, nicolae_kikubaaqudgha_miasma_corner,
          serial_shops, kennysheep_mini_moat
D:9:      layout_loops_cross, serial_shops, shop, kennysheep_decorative_pillar
D:10:     layout_roguey, nzn_wu_jian_council_hall, erik_lair_dragon,
          orc_0_dummy, kennysheep_cross_room, uniq_snorg
D:11:     layout_gridville, serial_shops, shop, kennysheep_mini, shop,
          nicolae_shop_competitors_out_of_business, nicolae_lakefront_shop
D:12:     layout_cave_pools, serial_glass, glass_columns_b, glass_columns_a,
          uniq_gastronok
D:13:     layout_loops_ring, lightli_vaults_fourway_checkpoint, st_stairs_8,
          nicolae_lava_and_water
D:14:     layout_irregular_city, bloody_trog, uniq_frances
D:15:     grunt_enter_depths_hoard, layout_grid_maze, skrybe_limestone_x,
          nicolae_ru_awakened_eye
Temple:   hellmonk_temple_of_storms
Lair:1:   layout_long_grid, serial_bayou_shore_b
Lair:2:   regret_index_combs_of_tragedy, layout_misc_corridors,
          elwin_shoals_entry_rooms, nicolae_snake_entry_squirm, st_stairs_12,
          grunt_forest_small_clearings
Lair:3:   layout_cave_pods, grunt_forest_stairs_basic
Lair:4:   layout_long_grid, serial_bayou_shore_a, lemuel_fruit_tree, uniq_urug
Lair:5:   cheibrodos_lair_end_hotspot, layout_gridlike,
          nicolae_slime_entry_slimehenge, uniq_kirke
Snake:1:  layout_chambers, grunt_megastairs_4
Snake:2:  layout_layer_cave, minmay_shop_star, uniq_vashnia
Snake:3:  layout_misc_corridors, nicolae_snake_horde_hoard, grunt_megastairs_1,
          uniq_azrael, uniq_asterion, uniq_nikola
Snake:4:  snake_pit, layout_cave_town, serial_bayou_lake_a,
          nicolae_triple_integral
Orc:1:    layout_caves, mines2_david, uniq_harold
Orc:2:    st_orc_mages, layout_caves

Skill      XL: |  1  2  3  4  5  6  7  8  9 10 11 12 13 14 15 16 17 |
---------------+----------------------------------------------------+-----
Stealth        | 2 3 4 5 6 |  6.2
Fighting       | 4 5 6 7 8 9 11 13 14 16 17 18 | 18.5
Poison Magic   | 1 2 3 4 5 6 8 |  8.5
Long Blades    | 4 5 6 7 9 10 11 13 14 15 16 17 | 17.5
Invocations    | 2 5 7 8 |  8.2
Dodging        | 4 5 7 8 9 10 | 10.8
Evocations     | 1 4 6 8 |  8.7
Spellcasting   | 3 5 |  5.2
Armour         | 2 6 9 11 12 | 12.8

Action                     |  1- 3 |  4- 6 |  7- 9 | 10-12 | 13-15 | 16-18 || total
---------------------------+-------+-------+-------+-------+-------+-------++-------
  Melee: Falchion          |    17 |       |       |       |       |       ||    17
         Punch             |     1 |       |    11 |     5 |       |       ||    17
         Long sword        |    86 |   142 |   472 |   406 |       |       ||  1106
         Great sword       |       |       |       |   211 |   963 |   659 ||  1833
  Throw: Javelin           |       |     1 |    18 |     4 |       |       ||    23
         Dart              |       |       |    21 |     2 |     4 |       ||    27
         Throwing net      |       |       |       |       |       |     2 ||     2
   Cast: Olgreb's Toxic Ra |       |       |       |     3 |     1 |     1 ||     5
 Invoke: Heroism           |       |       |     2 |     4 |    10 |    14 ||    30
         Finesse           |       |       |       |       |       |     1 ||     1
  Evoke: Wand              |       |       |     8 |    10 |     1 |     8 ||    27
         Condenser vane    |       |       |       |       |     2 |     2 ||     4
    Use: Potion            |       |     2 |     5 |     4 |     4 |     5 ||    20
         Scroll            |       |     7 |     5 |     5 |    22 |       ||    39
   Stab: Sleeping          |     2 |       |     8 |     9 |    28 |    14 ||    61
         Distracted        |       |       |     1 |     1 |     7 |     2 ||    11
         Invisible         |       |       |     4 |     6 |       |     3 ||    13
         Paralysed         |       |       |     3 |       |       |       ||     3
         Held in net/web   |       |       |       |       |       |     2 ||     2
 Armour: Ring mail         |    41 |    61 |    87 |    16 |   352 |    41 ||   598
         Skin              |       |    11 |    43 |       |       |       ||    54
         Chain mail        |       |       |    14 |       |       |       ||    14
         Troll leather arm |       |       |       |   124 |     8 |       ||   132
         Scale mail        |       |       |       |       |       |   178 ||   178
  Dodge: Dodged            |    67 |   100 |   382 |   741 |  1080 |   726 ||  3096
  Block: Other             |       |       |       |       |   263 |   170 ||   433
         Reflection        |       |       |       |       |    12 |    14 ||    26

Table legend: (Time is in decaauts)
 A = Elapsed time spent in this place.
 B = Non-inter-level travel time spent in this place.
 C = Inter-level travel time spent in this place.
 D = Time resting spent in this place.
 E = Time spent auto-exploring this place.
 F = Levels seen in this place.
 G = Mean time per level.
                   A        B        C        D        E       F      G
               +--------+--------+--------+--------+--------+-----+--------+
         Total |  37189 |  34200 |   2989 |   4951 |  22717 |  28 | 1328.2 |
       Dungeon |  18295 |  16203 |   2092 |   1458 |  11675 |  15 | 1219.7 |
        Temple |    145 |    131 |     14 |      0 |    116 |   1 |  145.0 |
          Lair |   7776 |   7182 |    594 |    948 |   4681 |   5 | 1555.2 |
     Snake Pit |   8789 |   8549 |    240 |   2314 |   4961 |   4 | 2197.2 |
  Orcish Mines |   1496 |   1448 |     48 |      2 |   1084 |   2 |  748.0 |
         Sewer |    685 |    685 |      0 |    229 |    199 |   1 |  685.0 |
               +--------+--------+--------+--------+--------+-----+--------+

Top non-repeatable levels by time:
    D:10: 2754 daAuts
 Snake:1: 2552 daAuts
 Snake:4: 2121 daAuts
 Snake:2: 2089 daAuts
 Snake:3: 2025 daAuts
  Lair:5: 1965 daAuts
  Lair:3: 1735 daAuts
     D:3: 1632 daAuts
  Lair:2: 1549 daAuts
     D:6: 1499 daAuts
     D:7: 1474 daAuts
  Lair:1: 1409 daAuts
    D:15: 1383 daAuts
     D:8: 1370 daAuts
    D:13: 1274 daAuts
